 Dungeon Crawl Stone Soup version 0.27-a0-1191-g601b473118 (webtiles) character file.

Game seed: 2880102749296474299

0 shoop the Sneak (level 1, 0/11 HPs)
             Began as a Vine Stalker Delver on May 23, 2021.
             Slain by a river rat (5 damage)
             ... on level 4 of the Dungeon.
             The game lasted 00:00:51 (153 turns).

shoop the Sneak (Vine Stalker Delver)                Turns: 153, Time: 00:00:52

Health: 0/11       AC:  3    Str: 14    XL:     1   Next: 10%
Magic:  0/2        EV: 11    Int: 10    God:
Gold:   29         SH:  0    Dex: 15    Spells: 0/0 levels left

rFire    . . .     SeeInvis .   a - +0 short sword
rCold    . . .     Faith    .   (no shield)
rNeg     . . .     Spirit   +   b - +0 leather armour
rPois    .         Reflect  .   (no helmet)
rElec    .         Harm     .   (no cloak)
rCorr    .         Rampage  .   (no gloves)
Will     .....                  (no boots)
Stlth    +++.......             (no amulet)
HPRegen  0.03/turn              (no ring)
MPRegen  0.08/turn              (no ring)

@: no status effects
A: fangs 2, magic shield, antimagic bite, no potion heal 2
a: no special abilities


You were on level 4 of the Dungeon.
You visited 1 branch of the dungeon, and saw 2 of its levels.

You collected 29 gold pieces.

Inventory:

Hand Weapons
 a - a +0 short sword (weapon)
Armour
 b - a +0 leather armour (worn)
Wands
 g - a wand of digging (3)
Scrolls
 c - a scroll of fog
 d - a scroll of magic mapping
 e - a scroll of fear
Potions
 f - a potion of haste
 h - a potion of cancellation {unknown}


   Skills:
 - Level 2.6 Fighting
 + Level 1.8 Short Blades
 - Level 1.5 Dodging
 - Level 6.0 Stealth


You couldn't memorise any spells.
You didn't know any spells.
Your spell library was empty.

Dungeon Overview and Level Annotations

Branches:
Dungeon (5/15)
 Temple: D:4-7

Altars:

Portals:
Sewer: D:4

Annotations:
D:5 exclusions: adder and sky beast


Innate Abilities, Weirdness & Mutations

You have extremely sharp teeth.
When hurt, damage is shared between your health and your magic reserves.
Your bite disrupts and absorbs the magic of your enemies.
Potions cannot restore your health.


Message History

The iguana hisses angrily.
There is a stone staircase leading up here.
You climb upwards.
You hear the sound of rushing water.
There is an entrance to a sewer on this level.
Hurry and find it before the portal rusts away!
Found 5 gold pieces.
There is a stone staircase leading down here.
You now have 24 gold pieces (gained 5).
You open the door.
There is an open door here.
Found an escape hatch in the floor.
There is an escape hatch in the floor here.
You hear the slow rusting of a drain nearby.
You now have 29 gold pieces (gained 5).
A rat comes into view.
A river rat comes into view.
Found a glowing drain.
You hit the rat but do no damage. The rat barely misses you.
You completely miss the rat. You bite the rat, but do no damage.
The rat misses you.
You hit the rat.
You kill the rat!
No target in view!
Unknown command.
Unknown command.
You hit the river rat.
The river rat is lightly wounded.
The river rat bites you but does no damage.
You hit the river rat but do no damage. Your bite misses the river rat.
The river rat is lightly wounded.
The river rat bites you!
Ouch! That really hurt!
You hit the river rat. Your bite misses the river rat.
The river rat is lightly wounded.
The river rat closely misses you.
You closely miss the river rat.
You bite the river rat, but do no damage.
The river rat is lightly wounded.
The river rat bites you.
You die...

#..>......# #. .##
##.......## #. ..#
##.....## #. #.#
##...## ####.# #.#
##+## #≈....##.# #.#
#≈≈≈...#.## #.#
#≈≈≈......#### ##.##
#≈≈≈≈r@......###...##
#∩≈≈≈≈###.###.#.....#
#######
#.#........####
#.##.###.#.#.###......
#.##........## #######
#........####
##########


You could see a river rat.

Vanquished Creatures
  A rat (D:4)
1 creature vanquished.

Notes
Turn   | Place    | Note
-------+----------+-------------------------------------------
     0 | D:5      | shoop the Vine Stalker Delver began the quest for the Orb.
     0 | D:5      | Reached XP level 1. HP: 11/11 MP: 2/2
    20 | D:5      | Noticed a sky beast
    33 | D:5      | Noticed an iguana
   132 | D:4      | Found a glowing drain.
   153 | D:4      | Slain by a river rat

Illustrated notes

Levels and vault maps discovered:
D:4:      layout_loops_corners, portal_sewer_entry_b, serial_bayou_lake_a
D:5:      layout_rooms, moated_statue, columned_hall_lemuel, uniq_sigmund

Action                   || total
-------------------------++-------
Melee: Short sword       ||     7
       Bite              ||     2
Armor: Leather armour    ||     1
Dodge: Dodged            ||     3

Table legend: (Time is in decaauts)
 A = Elapsed time spent in this place.
 B = Non-inter-level travel time spent in this place.
 C = Inter-level travel time spent in this place.
 D = Time resting spent in this place.
 E = Time spent auto-exploring this place.
 F = Levels seen in this place.
 G = Mean time per level.
                   A        B        C        D        E       F      G
               +--------+--------+--------+--------+--------+-----+--------+
         Total |    152 |    152 |      0 |      0 |    100 |   2 |   76.0 |
       Dungeon |    152 |    152 |      0 |      0 |    100 |   2 |   76.0 |
               +--------+--------+--------+--------+--------+-----+--------+

Top non-repeatable levels by time:
     D:4: 98 daAuts
     D:5: 54 daAuts
